 Dungeon Crawl Stone Soup version 0.28-a0-1518-gbe868bca14 (webtiles) character file.

Game seed: 1895548612530558420

553 buddhastalin the Chopper (level 7, 0/91 HPs)
             Began as a White Draconian Berserker on Jan 16, 2022.
             Was a Believer of Trog.
             Succumbed to Crazy Yiuf's poison
             ... on level 4 of the Dungeon.
             The game lasted 00:06:19 (4769 turns).

buddhastalin the Chopper (DrBe)                     Turns: 4769, Time: 00:06:20

Health: 0/91       AC:  7    Str: 20    XL:     7   Next: 8%
Magic:  7/7        EV: 14    Int:  9    God:    Trog [**....]
Gold:   191        SH:  0    Dex: 16    Spells: 6/6 levels left

rFire   . . .      SeeInvis .   a - +0 hand axe
rCold   + . .      Faith    .   (no shield)
rNeg    . . .      Spirit   .   (armour unavailable)
rPois   .          Reflect  .   (helmet restricted)
rElec   .          Harm     .   (no cloak)
rCorr   +          Rampage  .   (no gloves)
Will    .....                   h - +0 pair of boots
Stlth   ..........              (no amulet)
HPRegen 0.25/turn               b - ring of resist corrosion
MPRegen 0.10/turn               r - +6 ring of dexterity

@: berserking (expiring), lethally poisoned (0 -> -5), very quick
A: breathe frost, AC +6, unfitting armour, cold resistance 1, cold-blooded
a: Breathe Frost, Renounce Religion, Berserk, Trog's Hand


You were on level 4 of the Dungeon.
You worshipped Trog.
Trog was pleased with you.
You visited 1 branch of the dungeon, and saw 4 of its levels.

You collected 191 gold pieces.

Inventory:

Hand Weapons
 a - a +0 hand axe (weapon)
Missiles
 p - 10 poisoned darts (quivered)
Armour
 h - a +0 pair of boots (worn)
Jewellery
 b - a ring of resist corrosion (left hand)
 o - an amulet of regeneration
 r - a +6 ring of dexterity (right hand)
Wands
 m - a wand of mindburst (15)
Scrolls
 d - 2 scrolls of identify {unknown}
 g - a scroll of teleportation {unknown}
 l - a scroll of holy word {unknown}
Potions
 c - a potion of berserk rage {unknown}
 e - a potion of degeneration {unknown}
 f - 4 potions of curing {unknown}
 i - 2 potions of lignification {unknown}
 j - a potion of ambrosia {unknown}
 k - a potion of flight {unknown}
 n - 2 potions of mutation {unknown}
 q - a potion of attraction {unknown}


   Skills:
 + Level 5.2 Fighting
 * Level 6.1 Axes
 + Level 4.3 Dodging


You had 6 spell levels left.
You didn't know any spells.
Your spell library was empty.

Dungeon Overview and Level Annotations

Branches:
Dungeon (4/15)
 Temple: D:4-7

Altars:
Cheibriados

Shops:
D:1 =:


Innate Abilities, Weirdness & Mutations

You can breathe waves of freezing cold which knock back foes.
Your icy white scales are hard. (AC +6)
You cannot fit into any form of body armour.
Your flesh is cold resistant. (rC+)
You are cold-blooded and may be slowed by cold attacks.


Message History

You barely miss Crazy Yiuf.
Crazy Yiuf hits you with a +3 quarterstaff of chaos!
Crazy Yiuf freezes you.
You hit Crazy Yiuf but do no damage.
Crazy Yiuf hits you with a +3 quarterstaff of chaos.
Crazy Yiuf burns you.
You hit Crazy Yiuf but do no damage.
Crazy Yiuf hits you with a +3 quarterstaff of chaos!
You are poisoned.
A red film seems to cover your vision as you go berserk!
You feel yourself moving faster!
You feel mighty!
You feel very sick.
Crazy Yiuf zaps a wand.
You resist with some effort.
You closely miss Crazy Yiuf.
You feel very sick.
Crazy Yiuf hits you with a +3 quarterstaff of chaos!
* * * LOW HITPOINT WARNING * * *
You are electrocuted!
* * * LOW HITPOINT WARNING * * *
You slash Crazy Yiuf!
Crazy Yiuf is almost dead.
* * * LOW HITPOINT WARNING * * *
You feel sick. Crazy Yiuf barely misses you.
You hit Crazy Yiuf but do no damage.
You tail-slap Crazy Yiuf, but do no damage.
Crazy Yiuf is almost dead.
* * * LOW HITPOINT WARNING * * *
You feel sick.
You slash Crazy Yiuf!
You kill Crazy Yiuf!
Trog accepts your kill.
* * * LOW HITPOINT WARNING * * *
You feel sick.
You are too berserk!
* * * LOW HITPOINT WARNING * * *
You feel sick.
You feel a strong urge to attack something.
* * * LOW HITPOINT WARNING * * *
You feel sick.
You die...

#...##.....###....# #...##.....#
#....# ########## '........(.#
♣.PP.♣ #........# #...##.....#
♣.PP♣♣ ######.#.# #...##.....#
♣♣.♣♣ #....#.#.# #...########
♣.♣♣ #....#.#.# ........)..# ♣♣.♣
#....'..># ############ ♣.♣♣
#....#.#.## ## ♣♣@♣ #..))#.#..#
.# #)# #....#.#..## )# ...
#....#.....# .######## #...#
#....#.#.#.# ........# #..)#
#....#.#.#.. ........# #####
######.#.#.. .......)####
#.....#.. .###.......############
###.#.#..
.#.#..................#####.#.##.


There were no monsters in sight!

Vanquished Creatures
  Sigmund (D:4)
  An orc warrior (D:4)
  A scorpion (D:4)
  A water moccasin skeleton (D:4)
  A hound (D:4)
  Crazy Yiuf (D:4)
  5 adders
  An adder skeleton (D:4)
  4 dart slugs
  6 orcs
  4 bats
  9 endoplasms
  5 goblins
  6 hobgoblins
  6 quokkas
  7 ball pythons
  3 frilled lizards (D:1)
  8 kobolds
  5 rats
75 creatures vanquished.

Vanquished Creatures (others)
  3 plants (D:2)
3 creatures vanquished.

Grand Total: 78 creatures vanquished

Notes
Turn   | Place    | Note
-------+----------+-------------------------------------------
     0 | D:1      | buddhastalin the Draconian Berserker began the quest for
                  | the Orb.
     0 | D:1      | Reached XP level 1. HP: 19/19 MP: 1/1
   168 | D:1      | Reached XP level 2. HP: 20/26 MP: 2/2
   249 | D:1      | Found Kajiteuk's Jewellery Shoppe.
   485 | D:1      | Found Ruczeeniuz's Book Shoppe.
   836 | D:1      | Reached XP level 3. HP: 31/31 MP: 3/3
  1323 | D:2      | Found a faded altar of an unknown god.
  1340 | D:2      | Reached skill level 4 in Axes
  1482 | D:2      | Found a snail-covered altar of Cheibriados.
  1537 | D:2      | Reached ** piety under Trog
  1698 | D:2      | Reached XP level 4. HP: 33/40 MP: 4/4
  3492 | D:4      | Noticed a scorpion
  3505 | D:4      | Killed a scorpion
  3506 | D:4      | Reached XP level 5. HP: 38/46 MP: 5/5
  3721 | D:4      | Reached skill level 5 in Axes
  4343 | D:4      | Noticed an orc warrior
  4347 | D:4      | Reached XP level 6. HP: 39/53 MP: 6/6
  4349 | D:4      | Killed an orc warrior
  4616 | D:4      | Found a runed translucent door.
  4617 | D:4      | Noticed Crazy Yiuf
  4640 | D:4      | Noticed Sigmund
  4652 | D:4      | Killed Sigmund
  4653 | D:4      | Reached skill level 5 in Fighting
  4653 | D:4      | Reached skill level 6 in Axes
  4653 | D:4      | Your scales start taking on an icy white colour.
  4653 | D:4      | Reached XP level 7. HP: 61/61 MP: 7/7
  4653 | D:4      | Gained mutation: Your flesh is cold resistant. (rC+) [White
                  | Draconian growth]
  4765 | D:4      | HP: 4/91 [poisoned by Crazy Yiuf]
  4766 | D:4      | Killed Crazy Yiuf
  4768 | D:4      | HP: 1/91 [poisoned by Crazy Yiuf]
  4769 | D:4      | Succumbed to Crazy Yiuf's poison

Illustrated notes

Levels and vault maps discovered:
D:1:      saegor_arrival_simple_b, layout_loops_ring, serial_shops,
          nicolae_shop_waterfront, nicolae_shop_statue_plus, minmay_pentomino_r4
D:2:      layout_loops_cross, nicolae_ecumenical_oubliette, basic_altar,
          serial_forest, infiniplex_forest_lined_ring,
          infiniplex_forest_straight_3, infiniplex_forest_side_room,
          infiniplex_forest_lined_2, infiniplex_forest_end_2,
          infiniplex_forest_clump_long, infiniplex_forest_straight_2,
          infiniplex_forest_end_3, amcnicky_mini_pool_small
D:3:      layout_basic
D:4:      layout_basic, uniq_crazy_yiuf_cottage, uniq_sigmund

Skill      XL: |  1  2  3  4  5  6 |
---------------+-------------------+-----
Dodging        | 3 4 |  4.3
Axes           | 4 5 6 |  6.1
Fighting       | 4 5 |  5.2

Action                   |  1- 3 |  4- 6 |  7- 9 || total
-------------------------+-------+-------+-------++-------
Melee: Hand axe          |    92 |   159 |     7 ||   258
       Tailslap          |     9 |    18 |     1 ||    28
       Punch             |     1 |     2 |       ||     3
Invok: Berserk           |     1 |     4 |     1 ||     6
 Stab: Sleeping          |     2 |       |       ||     2
Armor: Skin              |    31 |    49 |       ||    80
Dodge: Dodged            |    45 |    92 |     1 ||   138

Table legend: (Time is in decaauts)
 A = Elapsed time spent in this place.
 B = Non-inter-level travel time spent in this place.
 C = Inter-level travel time spent in this place.
 D = Time resting spent in this place.
 E = Time spent auto-exploring this place.
 F = Levels seen in this place.
 G = Mean time per level.
                   A        B        C        D        E       F      G
               +--------+--------+--------+--------+--------+-----+--------+
         Total |   4838 |   4791 |     47 |   1708 |   2484 |   4 | 1209.5 |
       Dungeon |   4838 |   4791 |     47 |   1708 |   2484 |   4 | 1209.5 |
               +--------+--------+--------+--------+--------+-----+--------+

Top non-repeatable levels by time:
     D:4: 1338 daAuts
     D:3: 1265 daAuts
     D:2: 1150 daAuts
     D:1: 1084 daAuts
